 Seeded DCSS version 0.28.0-45-g0d030f2227 (webtiles) character file.

Game seed: 13254252311307455508 (custom seed)

11509 croobank the Basher (level 11, -14/111 HPs)
             Began as a Troll Fighter on Apr 20, 2022.
             Was an Initiate of Gozag.
             Demolished by a yak (23 damage)
             ... on level 2 of the Lair of Beasts.
             The game lasted 00:27:39 (8317 turns).

croobank the Basher (Troll Fighter)                 Turns: 8317, Time: 00:27:40

Health: -14/111    AC:  4    Str: 30    XL:     11   Next: 50%
Magic:  10/10      EV:  1    Int:  4    God:    Gozag
Gold:   1193       SH:  0    Dex:  9    Spells: 10/10 levels left

rFire   + . .      SeeInvis .   a - +11 eveningstar of Voynec {flame, rC+ rN+}
rCold   + . .      Faith    .   c - +0 kite shield
rNeg    + . .      Spirit   .   t - +0 robe
rPois   .          Reflect  .   (helmet restricted)
rElec   .          Harm     .   (no cloak)
rCorr   .          Rampage  .   (gloves unavailable)
Will    .....                   (boots unavailable)
Stlth   +.........              L - amulet of regeneration
HPRegen 1.88/turn               E - ring of flight
MPRegen 0.12/turn               K - ring of protection from fire

@: about to teleport, sleeping, gold aura, flying
A: large, unfitting armour, claws 3, regeneration 1, shaggy fur 1, tough skin 1
a: Renounce Religion, Potion Petition, Call Merchant, Bribe Branch


You were on level 2 of the Lair of Beasts.
You worshipped Gozag.
Gozag was most pleased with you.
You visited 3 branches of the dungeon, and saw 13 of its levels.

You collected 1930 gold pieces.
You spent 715 gold pieces at shops.
You paid 22 gold pieces to Gozag.

Inventory:

Hand Weapons
 a - the +11 eveningstar of Voynec (weapon) {flame, rC+ rN+}
   (You found it on level 2 of the Dungeon)

   It burns those it strikes, dealing additional fire damage.
   rC:        It protects you from cold.
   rN:        It protects you from negative energy.
 b - a +0 hunting sling
 m - a +1 flail of holy wrath
 p - the +8 morningstar "Giant's Curse" {vorpal, Will+}
   (You found it on level 2 of the Dungeon)

   It inflicts extra damage upon your enemies.
   Will:      It increases your willpower.
 q - a +2 short sword of speed
 O - a +0 battleaxe
Missiles
 h - 12 poisoned darts
 i - 142 stones
 n - 123 sling bullets
 o - 104 bolts
 w - a curare-tipped dart (quivered)
 x - 205 arrows
 D - 3 atropa-tipped darts
 I - 5 javelins
 Q - a boomerang
Armour
 c - a +0 kite shield (worn)
 t - a +0 robe (worn)
Jewellery
 E - a ring of flight (left claw)
 K - a ring of protection from fire (right claw)
 L - an amulet of regeneration (around neck)
Wands
 y - a wand of flame (13)
 z - a wand of digging (3)
 C - a wand of iceblast (18)
 M - a wand of charming (4)
 R - a wand of polymorph (6)
Scrolls
 f - 5 scrolls of identify {unknown}
 g - a scroll of holy word {unknown}
 j - a scroll of torment {unknown}
 k - a scroll of summoning {unknown}
 s - 2 scrolls of teleportation
 u - 2 scrolls of enchant weapon {unknown}
 v - a scroll of fog {unknown}
 A - a scroll of enchant armour {unknown}
 B - 3 scrolls of vulnerability {unknown}
 G - a scroll of magic mapping {unknown}
Potions
 d - 2 potions of might
 e - 4 potions of curing {unknown}
 l - 2 potions of ambrosia {unknown}
 r - 5 potions of mutation {unknown}
 F - 2 potions of lignification {unknown}
 H - 2 potions of attraction {unknown}
 J - a potion of resistance {unknown}
 N - 2 potions of haste {unknown}
 S - a potion of brilliance {unknown}
Miscellaneous
 P - a lightning rod (4/4)


   Skills:
 + Level 8.2 Fighting
 + Level 8.7 Maces & Flails
 + Level 8.2 Dodging
 + Level 8.2 Shields


You had 10 spell levels left.
You didn't know any spells.
Your spell library contained the following spells:

 Spells                   Type           Power      Damage    Failure   Level
 Beastly Appendage        Tmut           0%         N/A       75%         1
 Scorch                   Fire           0%         2d5       86%         2
 Wereblood                Tmut           0%         N/A       86%         2
 Conjure Flame            Conj/Fire      0%         6-21      98%         3
 Ignite Poison            Fire/Tmut/Pois 0%         N/A       98%         3
 Spider Form              Tmut/Pois      0%         N/A       98%         3
 Flame Wave               Conj/Fire      0%         2d4       100%        4
 Petrify                  Tmut/Erth      0%         N/A       100%        4
 Sticky Flame             Conj/Fire      0%         2d3       100%        4
 Metabolic Englaciation   Hex/Ice        0%         N/A       100%        5
 Statue Form              Tmut/Erth      0%         N/A       100%        6
 Summon Cactus Giant      Summ           0%         N/A       100%        6


Dungeon Overview and Level Annotations

Branches:
Dungeon (10/15)            Temple (1/1) D:4            Lair (1/6) D:9
    Orc (0/2) D:9

Altars:
Ashenzari
Dithmenos
Gozag
Kikubaaqudgha
Makhleb
Nemelex Xobeh
Okawaru
Qazlal
Ru
Sif Muna
Trog
Vehumet
Wu Jian
Zin
The Shining One

Shops:
D:4 (   D:8 =


Innate Abilities, Weirdness & Mutations

You are too large for most types of armour.
You have claws for hands.
Your natural rate of healing is unusually fast.
You are covered in fur. (AC +1)
You have tough skin. (AC +1)


Message History

* * * LOW HITPOINT WARNING * * *
The blink frog hits you!
* * * LOW HITPOINT WARNING * * *
A bullfrog comes into view.
A yak comes into view.
The dream sheep is distracted by your dazzling golden aura.
The blink frog barely misses you. You block the yak's attack.
You block the blink frog's attack.
Okay, then.
Okay, then.
As you read the scroll of teleportation, it crumbles to dust.
You feel strangely unstable.
The bullfrog gives a loud, deep croak!
You hear a howl!
The dream sheep is no longer distracted by gold.
The water moccasin bites you but does no damage.
The yak gores you.
* * * LOW HITPOINT WARNING * * *
The blink frog hits you.
* * * LOW HITPOINT WARNING * * *
The blink frog hits you!
* * * LOW HITPOINT WARNING * * *
The blink frog blinks!
A yak comes into view.
The water moccasin barely misses you. You block the yak's attack. x2
Unknown command.
Okay, then.
Saving game... please wait.
Welcome back, croobank the Troll Fighter.
Game seed: 13254252311307455508 (custom seed) Gozag says: Greed is good.
Press ? for a list of commands and other information.
Okay, then.
The blink frog is no longer distracted by gold.
The blink frog is distracted by your dazzling golden aura.
The yak barely misses you.
The dream sheep shake their wool and sparkle.
You feel drowsy...
You fall asleep.
The water moccasin is distracted by your dazzling golden aura.
The yak gores you!!
You die...
Your body crumbles into a pile of gold.

.##. . ...#. ....
.. ...# ....
...## ...##.....
.....###...#.....
.......#.........
.........#F......
....F..@Sl...#...
.....#YYYFS......
.#. ##Y#........
$ ....Y.......
...(....Y.....
............F...
...........Y....
................
.........#....Y.


You could see 5 yaks, 3 blink frogs, 2 water moccasins, a wyvern, a bullfrog and
2 dream sheep.

Vanquished Creatures
  A centaur warrior (D:9)
  A two-headed ogre (D:8)
  Pikel (D:5)
  A gargoyle (D:10)
  2 cane toads (Lair:1)
  A polar bear (Lair:1)
  A hornet (D:9)
  A blink frog (Lair:2)
  3 dream sheep (Lair:2)
  A wyvern (D:7)
  A wraith (D:10)
  13 yaks
  Grum (D:8)
  8 water moccasins
  3 orc warriors
  An ice beast (D:6)
  A hornet zombie (D:7)
  2 sky beasts
  3 black bears
  4 ogres
  4 centaurs
  2 wolves (D:8)
  3 kobold brigands (D:9)
  3 bullfrogs (D:6)
  A gnoll sergeant (D:8)
  4 scorpions
  A water moccasin skeleton (D:5)
  4 killer bees
  7 wights
  7 electric eels
  A howler monkey (D:8)
  3 bullfrog zombies
  5 centaur zombies
  2 hounds
  2 gnoll shamans
  2 jellies (D:8)
  6 orc priests
  Jessica (D:3)
  A centaur skeleton (D:7)
  12 orc wizards
  4 iguanas
  Ijyb (D:4)
  A killer bee zombie (D:6)
  3 howler monkey zombies
  13 gnolls
  A howler monkey skeleton (D:4)
  7 adders
  2 shadow imps (D:6)
  A white imp (D:5)
  An ufetubus (D:5)
  A worm (D:2)
  3 dart slugs
  43 orcs
  5 bats
  12 endoplasms
  2 giant cockroaches
  8 hobgoblins
  7 jackals
  3 quokkas
  6 ball pythons
  2 frilled lizards
  7 goblins
  16 kobolds
  5 rats
275 creatures vanquished.

Vanquished Creatures (others)
  2 fungi
  46 plants
48 creatures vanquished.

Grand Total: 323 creatures vanquished

Notes
Turn   | Place    | Note
-------+----------+-------------------------------------------
     0 | D:1      | croobank the Troll Fighter began the quest for the Orb.
     0 | D:1      | Reached XP level 1. HP: 22/22 MP: 0/0
   158 | D:1      | Reached XP level 2. HP: 29/29 MP: 1/1
   618 | D:1      | Reached XP level 3. HP: 34/36 MP: 2/2
  1215 | D:2      | Identified the +11 eveningstar of Voynec {flame, rC+ rN+}
  1342 | D:2      | Reached XP level 4. HP: 34/45 MP: 3/3
  1416 | D:2      | Identified the +8 morningstar "Giant's Curse" {vorpal,
                  | Will+}
  1599 | D:3      | Noticed Jessica
  1603 | D:3      | Killed Jessica
  1726 | D:3      | Found a faded altar of an unknown god.
  2013 | D:3      | Reached XP level 5. HP: 53/53 MP: 4/4
  2281 | D:4      | Noticed Ijyb
  2287 | D:4      | Killed Ijyb
  2381 | D:4      | Reached XP level 6. HP: 50/61 MP: 5/5
  2444 | D:4      | Found Senwall's Antique Weapon Emporium.
  2670 | D:4      | Found a staircase to the Ecumenical Temple.
  2820 | Temple   | Entered the Ecumenical Temple
  2916 | Temple   | Became a worshipper of Gozag Ym Sagoz the Greedy
  2966 | D:5      | Entered Level 5 of the Dungeon
  3080 | D:5      | Reached XP level 7. HP: 68/68 MP: 6/6
  3149 | D:5      | Found an ornate altar of the Wu Jian Council.
  3654 | D:5      | Found a sparkling altar of Nemelex Xobeh.
  3654 | D:5      | Found an iron altar of Okawaru.
  3908 | D:5      | Reached XP level 8. HP: 70/79 MP: 7/7
  4138 | D:5      | Noticed Pikel
  4145 | D:5      | Killed Pikel
  4146 | D:5      | Reached skill level 5 in Fighting
  4146 | D:5      | Reached skill level 5 in Maces & Flails
  4146 | D:5      | Reached skill level 5 in Dodging
  4146 | D:5      | Reached skill level 5 in Shields
  4472 | D:6      | Reached XP level 9. HP: 88/88 MP: 8/8
  4602 | D:6      | Found a sacrificial altar of Ru.
  5617 | D:7      | Reached XP level 10. HP: 78/100 MP: 9/9
  5867 | D:7      | Found an ancient bone altar of Kikubaaqudgha.
  6009 | D:8      | Found Luxuaf's Jewellery Shoppe.
  6016 | D:8      | Bought a ring of protection from fire for 325 gold pieces
  6016 | D:8      | Bought an amulet of regeneration for 390 gold pieces
  6042 | D:8      | Noticed a two-headed ogre
  6048 | D:8      | Killed a two-headed ogre
  6131 | D:8      | Noticed Grum
  6138 | D:8      | Killed Grum
  6633 | D:9      | Found a shimmering blue altar of Sif Muna.
  6794 | D:9      | Noticed a centaur warrior
  6956 | D:9      | Killed a centaur warrior
  7009 | D:9      | Found a staircase to the Lair.
  7018 | D:9      | Found a glowing golden altar of the Shining One.
  7055 | D:9      | Reached XP level 11. HP: 83/109 MP: 10/10
  7085 | D:9      | Found a staircase to the Orcish Mines.
  7615 | D:9      | Found a stormy altar of Qazlal.
  7624 | D:10     | Entered Level 10 of the Dungeon
  7680 | D:10     | Noticed a centaur warrior
  7687 | D:10     | Noticed a centaur warrior
  7745 | Lair:1   | Entered Level 1 of the Lair of Beasts
  7803 | Lair:1   | Found a radiant altar of Vehumet.
  8307 | Lair:1   | You are sucked into a shaft and drop 1 floor!
  8315 | Lair:2   | HP: 5/111 [blink frog (17)]
  8317 | Lair:2   | Demolished by a yak

Illustrated notes

Levels and vault maps discovered:
D:1:      ncdulo_lavacross, layout_loops_ring
D:2:      layout_loops_corners
D:3:      layout_loops_cross, chequers_ecumenical_altar_grove, uniq_jessica
D:4:      layout_cave_pools, temple_doors_cd, serial_shops, shop, uniq_ijyb
D:5:      layout_layer_cave, nicolae_wu_jian_wuxing_cycle,
          gammafunk_temple_overflow_statue, grunt_tough_drop, uniq_pikel
D:6:      layout_basic, nicolae_ru_great_annihilating_truth, serial_bayou,
          serial_bayou_crossing, serial_bayou_lagoon_a, serial_bayou_lake_a,
          serial_bayou_lagoon_b, minmay_joined_circles
D:7:      layout_rooms, lemuel_coloured_pillars_altar
D:8:      layout_cave_pools, serial_shops, nicolae_square_shop, uniq_grum
D:9:      layout_roguey, mainiacjoe_overflow_alcove_4, old_standard_altar,
          tso_metal_star, lair_entry_dummy, hiddenorc2_lemuel, serial_bayou,
          serial_bayou_ford_a, serial_bayou_shore_b, serial_bayou_pond_a,
          serial_bayou_pond_d, serial_bayou_pond_d, grunt_decor_junction
D:10:     layout_basic, xom_teletrap_fun, st_stairs_5,
          nicolae_concentric_dashed_squares_mild, nicolae_sextant,
          roderic_batcave, minmay_the_grid_2x2 [minmay_the_grid_mess,
          minmay_the_grid_dragon_a, minmay_the_grid_odd_star,
          minmay_the_grid_prize_shrinking_boxes]
Temple:   nicolae_temple_figure_eight
Lair:1:   layout_loops_ring, basic_altar
Lair:2:   layout_hall_layers, grunt_megastairs_1

Skill      XL: |  1  2  3  4  5  6  7  8  9 10 11 |
---------------+----------------------------------+-----
Maces & Flails | 2 3 4 5 6 8 |  8.7
Fighting       | 3 4 5 6 7 8 |  8.2
Dodging        | 3 4 5 6 7 8 |  8.2
Shields        | 3 4 5 6 7 8 |  8.2

Action                   |  1- 3 |  4- 6 |  7- 9 | 10-12 || total
-------------------------+-------+-------+-------+-------++-------
Melee: Flail             |   119 |       |       |       ||   119
       Eveningstar       |     7 |    87 |   170 |   197 ||   461
Evoke: Wand              |       |       |     7 |     8 ||    15
  Use: Potion            |       |       |       |     2 ||     2
       Scroll            |       |       |       |     2 ||     2
 Stab: Sleeping          |     3 |       |       |       ||     3
Armor: Robe              |    41 |    30 |    34 |    27 ||   132
Dodge: Dodged            |    56 |    27 |    77 |    82 ||   242
Block: Kite shield       |    52 |    38 |    70 |   104 ||   264
